 Dungeon Crawl Stone Soup version 0.29.1-15-g9cfb28693d (webtiles) character file.

Game seed: 1117779107651323569

677 Putekh the Ruffian (level 7, 0/56 HPs)
             Began as a Ghoul Artificer on Mar 23, 2023.
             Slain by an orc warrior
             ... wielding a +0 flail
              (13 damage)
             ... on level 6 of the Dungeon.
             The game lasted 00:10:48 (1763 turns).

Putekh the Ruffian (Ghoul Artificer)                Turns: 1763, Time: 00:10:49

Health: 0/56       AC: 11    Str: 16    XL:     7   Next: 60%
Magic:  8/8        EV:  9    Int:  8    God:
Gold:   53         SH:  0    Dex:  9    Spells: 9/9 levels left

rFire   . . .      SeeInvis .     - Unarmed
rCold   + . .      Faith    .   (no shield)
rNeg    + + +      Spirit   .   j - +1 scale mail
rPois   ∞          Reflect  .   (no helmet)
rElec   .          Harm     .   (no cloak)
rCorr   .          Rampage  +   (no gloves)
Will    .....                   f - +2 pair of boots {rampage}
Stlth   +.........              (no amulet)
HPRegen 0.00/turn               (no ring)
MPRegen 0.11/turn               (no ring)

@: inhibited regen
A: claws 1, cold resistance 1, negative energy resistance 3, inhibited
regeneration, torment resistance 2, devour on kill
a: no special abilities


You were on level 6 of the Dungeon.
You visited 1 branch of the dungeon, and saw 6 of its levels.

You collected 146 gold pieces.
You spent 93 gold pieces at shops.

Inventory:

Hand Weapons
 a - a +1 club of draining
Missiles
 i - 2 poisoned darts
Armour
 b - a +0 leather armour
 f - a +2 pair of boots of rampaging (worn)
 j - a +1 scale mail (worn)
Wands
 d - a wand of charming (9)
 e - a wand of iceblast (1)
Scrolls
 g - 2 scrolls of brand weapon
 h - a scroll of teleportation
Potions
 c - a potion of ambrosia {unknown}
 k - a potion of heal wounds {unknown}


   Skills:
 * Level 2.4 Fighting
 * Level 1.8 Maces & Flails
 * Level 3.6 Armour
 * Level 2.1 Dodging
 * Level 2.6 Stealth
 * Level 4.1 Unarmed Combat
 * Level 1.5 Spellcasting
 * Level 3.9 Evocations


You had 9 spell levels left.
You didn't know any spells.
Your spell library contained the following spells:

 Spells                   Type           Power      Damage    Failure   Level
 Poisonous Vapours        Pois/Air       0%         N/A       89%         2
 Gell's Gravitas          Tloc           0%         N/A       98%         3
 Ozocubu's Armour         Ice            0%         N/A       98%         3
 Teleport Other           Tloc           0%         N/A       98%         3
 Corpse Rot               Necr/Pois/Air  0%         N/A       100%        4
 Alistair's Intoxication  Tmut/Pois      0%         N/A       100%        5
 Borgnjor's Vile Clutch   Necr/Erth      0%         N/A       100%        5
 Dispersal                Tloc           0%         N/A       100%        6
 Eringya's Noxious Bog    Tmut/Pois      0%         N/A       100%        6
 Ozocubu's Refrigeration  Ice            0%         4d7       100%        7


Dungeon Overview and Level Annotations

Branches:
Dungeon (6/15)
 Temple: D:4-7

Altars:
Sif Muna
Wu Jian

Shops:
D:5 *


Innate Abilities, Weirdness & Mutations

You are immune to poison.
You have sharp fingernails.
Your flesh is cold resistant. (rC+)
You are immune to negative energy. (rN+++)
You do not regenerate when monsters are visible.
You are immune to unholy pain and torment.
You thrive by killing the living.


Message History

An orc comes into view. It is wielding a +0 short sword.
Found a dagger.
The orc shouts!
You hear an angry hiss.
The orc warrior hits you but does no damage.
You scratch the orc warrior.
The orc warrior is lightly wounded.
The orc warrior hits you with a +0 flail.
You closely miss the orc warrior.
The orc warrior is lightly wounded.
The orc warrior hits you with a +0 flail.
The orc closely misses you.
You scratch the orc warrior.
The orc warrior is lightly wounded.
The orc closely misses you.
The orc warrior hits you with a +0 flail!
You scratch the orc warrior but do no damage.
The orc warrior is lightly wounded.
The orc hits you but does no damage. The orc warrior barely misses you.
The orc hits you but does no damage.
You barely miss the orc warrior.
The orc warrior is lightly wounded.
The orc barely misses you. The orc hits you but does no damage.
The orc warrior hits you with a +0 flail!
You closely miss the orc warrior.
The orc warrior is lightly wounded.
The orc barely misses you.
The orc warrior hits you with a +0 flail!
The orc hits you with a +0 short sword.
You scratch the orc warrior but do no damage.
The orc warrior is lightly wounded.
The orc hits you but does no damage.
The orc warrior hits you with a +0 flail.
* * * LOW HITPOINT WARNING * * *
The orc hits you but does no damage.
You closely miss the orc warrior.
The orc warrior is lightly wounded.
You scratch the orc.
The orc is moderately wounded.
The orc warrior hits you with a +0 flail!
You die...

#........###..
#........# ....)..
#........##
.......
###.........##
.......
##.....###....##
......# .......#
##....###.....#
......##
##.)...#....##
###....#
#.....o.....## #
###....#
##...@o.......
###...
#....o.......
...........#...###
#..##.....##...#
##.....# ..#
##....# ..# #....#
.# #..... .#


You could see an orc warrior and 2 orcs.

Vanquished Creatures
  A black bear (D:4)
  An ogre (D:5)
  A phantom (D:5)
  A kobold brigand (D:6)
  A hound (D:6)
  2 iguanas
  An orc wizard (D:6)
  A gnoll (D:5)
  5 adders
  2 dart slugs
  8 orcs
  A bat (D:3)
  4 endoplasms
  6 goblins
  2 hobgoblins
  6 jackals (D:3)
  4 ball pythons
  6 kobolds
53 creatures vanquished.

Vanquished Creatures (collateral kills)
  A centaur (D:6)
  An orc priest (D:6)
  An iguana (D:6)
  A gnoll (D:5)
  A goblin (D:1)
  A kobold (D:1)
  A quokka (D:1)
7 creatures vanquished.

Vanquished Creatures (others)
  An ogre (D:6)
  A gnoll (D:5)
2 creatures vanquished.

Grand Total: 62 creatures vanquished

Notes
Turn   | Place    | Note
-------+----------+-------------------------------------------
     0 | D:1      | Putekh the Ghoul Artificer began the quest for the Orb.
     0 | D:1      | Reached XP level 1. HP: 16/16 MP: 0/0
    28 | D:1      | Reached XP level 2. HP: 10/23 MP: 1/1
   289 | D:1      | Reached skill level 1 in Dodging
   473 | D:2      | Reached XP level 3. HP: 27/28 MP: 2/2
   539 | D:3      | Found a shimmering blue altar of Sif Muna.
   739 | D:3      | Reached skill level 1 in Unarmed Combat
   771 | D:3      | Reached XP level 4. HP: 17/35 MP: 3/3
   994 | D:4      | Noticed a black bear
  1004 | D:4      | Killed a black bear
  1005 | D:4      | Reached skill level 1 in Maces & Flails
  1005 | D:4      | Reached skill level 2 in Unarmed Combat
  1005 | D:4      | Reached XP level 5. HP: 13/40 MP: 3/5
  1048 | D:5      | Entered Level 5 of the Dungeon
  1056 | D:5      | Noticed a phantom
  1069 | D:5      | Killed a phantom
  1070 | D:5      | Reached skill level 1 in Spellcasting
  1070 | D:5      | Reached XP level 6. HP: 15/48 MP: 6/6
  1103 | D:5      | Reached skill level 3 in Unarmed Combat
  1218 | D:5      | Found an ornate altar of the Wu Jian Council.
  1536 | D:5      | Found Atrupsed's Assorted Antiques.
  1551 | D:5      | Bought a scroll labelled TAUMNO ITY for 31 gold pieces
  1551 | D:5      | Bought a scroll of identify for 62 gold pieces
  1580 | D:6      | Reached XP level 7. HP: 42/55 MP: 7/7
  1678 | D:6      | Reached skill level 4 in Unarmed Combat
  1763 | D:6      | Slain by an orc warrior

Illustrated notes

Levels and vault maps discovered:
D:1:      minmay_arrival_radiant_lines, layout_basic, basic_ecumenical_altar
D:2:      minmay_chambers_of_ones, layout_rooms, minmay_crystal_water,
          nrook_mini_backslash, grunt_decor_arrowhead, uniq_crazy_yiuf_cottage
D:3:      layout_basic, overflow_temple_1_default,
          nicolae_elevator_lobby_asterisk
D:4:      layout_gridville, uniq_edmund, uniq_blork_the_orc
D:5:      layout_loops_corners, mainiacjoe_overflow_paths, serial_shops,
          nicolae_shop_statue_plus
D:6:      layout_layer_cave, nicolae_uskayaw_suspiria, portal_sewer_entry_b,
          amcnicky_altar_lugonu_corruption, uniq_prince_ribbit1

Skill      XL: |  1  2  3  4  5  6  7 |
---------------+----------------------+-----
Evocations     | 3 |  3.9
Dodging        | 1 2 |  2.1
Armour         | 2 3 |  3.6
Unarmed Combat | 1 2 3 4 |  4.1
Maces & Flails | 1 |  1.8
Spellcasting   | 1 |  1.5
Fighting       | 2 |  2.4
Stealth        | 2 |  2.6

Action                   |  1- 3 |  4- 6 |  7- 9 || total
-------------------------+-------+-------+-------++-------
Melee: Unarmed           |   121 |    90 |    51 ||   262
       Club              |     2 |       |       ||     2
       Punch             |     1 |     3 |       ||     4
Evoke: Wand              |    11 |    12 |     2 ||    25
  Use: Scroll            |     2 |     3 |     2 ||     7
       Potion            |       |     3 |       ||     3
Armor: Leather armour    |     6 |       |       ||     6
       Scale mail        |    49 |    49 |    22 ||   120
Dodge: Dodged            |    69 |    46 |    32 ||   147
